 Dungeon Crawl Stone Soup version 0.27.1-3-gb3d3a73c9e (webtiles) character file.

Game seed: 272576455712220109

265 barney the Changer (level 5, -2/40 HPs)
             Began as a Draconian Transmuter on Oct 6, 2021.
             Slain by an orc (4 damage)
             ... on level 4 of the Dungeon.
             The game lasted 00:03:33 (4025 turns).

barney the Changer (Draconian Transmuter)           Turns: 4025, Time: 00:03:34

Health: -2/40      AC:  2    Str: 12    XL:     5   Next: 99%
Magic:  14/17      EV: 19    Int: 15    God:
Gold:   58         SH:  0    Dex: 16    Spells: 2/8 levels left

rFire    + . .     SeeInvis .     - Unarmed
rCold    . . .     Faith    .   (shield currently unavailable)
rNeg     . . .     Spirit   .   (armour unavailable)
rPois    x         Reflect  .   (helmet currently unavailable)
rElec    .         Harm     .   (cloak currently unavailable)
rCorr    .         Rampage  .   (gloves currently unavailable)
Will     .....                  (boots currently unavailable)
Stlth    +.........             (no amulet)
HPRegen  0.13/turn              q - ring of magical power
MPRegen  0.15/turn              j - ring of protection from fire

@: spider-form (expiring), wereblooded
A: venomous fangs, AC +5, tiny, unfitting armour, (cold-blooded)
a: End Transformation


You were on level 4 of the Dungeon.
You were a venomous arachnid creature.
You visited 1 branch of the dungeon, and saw 4 of its levels.

You collected 58 gold pieces.

Inventory:

Hand Weapons
 d - a +4 quarterstaff of chaos (melded)
Armour
 i - a +0 pair of boots (melded)
 m - a +0 cloak (melded)
Magical Staves
 f - a staff of poison
Jewellery
 b - a ring of wizardry
 g - a ring of ice
 j - a ring of protection from fire (right front leg)
 p - a ring of poison resistance
 q - a ring of magical power (left front leg)
Wands
 e - a wand of polymorph (7)
Scrolls
 h - a scroll of teleportation {unknown}
 k - a scroll of vulnerability {unknown}
 l - a scroll of holy word {unknown}
 n - a scroll of blinking {unknown}
Potions
 a - a potion of brilliance
 c - a potion of heal wounds
 o - a potion of invisibility {unknown}


   Skills:
 - Level 1.1 Fighting
 - Level 1.7 Dodging
 - Level 3.0 Unarmed Combat
 - Level 2.0 Spellcasting
 + Level 6.3 Transmutations


You had 2 spell levels left.
You knew the following spells:

 Your Spells              Type           Power      Damage    Failure   Level
a - Beastly Appendage     Tmut           40%        N/A       7%          1
b - Spider Form           Tmut/Pois      5%         N/A       38%         3
c - Wereblood             Tmut           20%        N/A       10%         2

Your spell library contained the following spells:

 Spells                   Type           Power      Damage    Failure   Level
 Ice Form                 Ice/Tmut       11%        N/A       73%         4
 Stone Arrow              Conj/Erth      2%         3d7       75%         3
 Lehudib's Crystal Spear  Conj/Erth      0%         10d2      100%        8
 Animate Armour           Summ/Erth      Unusable   N/A       N/A         4

Dungeon Overview and Level Annotations

Branches:
Dungeon (4/15)
 Temple: D:4-7

Altars:


Innate Abilities, Weirdness & Mutations

You are a venomous arachnid creature.
You have poisonous fangs.
You are tiny and dextrous.
Your spellcasting is less reliable in this form.
Your armour is entirely melded.
You are incapable of wielding weapons or throwing items.
((Your plain brown scales are hard. (AC +5)))
You cannot fit into any form of body armour.
((You are cold-blooded and may be slowed by cold attacks.))


Message History

The orc is moderately wounded.
The orc completely misses you. The hobgoblin misses you. The orc misses you.
The orc closely misses you.
You hit the orc but do no damage.
The orc looks as sick as possible!
The orc is heavily wounded.
The orc closely misses you. The hobgoblin misses you.
The orc barely misses you. x2; The orc completely misses you.
You hit the orc.
You feel a bit better.
You kill the orc!
The hobgoblin closely misses you. The orc closely misses you.
The orc misses you. The orc closely misses you.
You hit the iguana but do no damage.
The iguana is poisoned.
The hobgoblin closely misses you. The orc misses you.
The iguana barely misses you. The orc closely misses you. The orc misses you.
You hit the iguana.
The iguana looks as sick as possible!
The iguana is lightly wounded.
Your transformation is almost over.
The hobgoblin hits you but does no damage.
The orc completely misses you. The iguana bites you!
The orc completely misses you. The orc misses you.
You hit the iguana.
The iguana looks as sick as possible!
The iguana is lightly wounded.
The hobgoblin barely misses you. The orc misses you. The iguana bites you.
The orc misses you. The orc barely misses you.
You barely miss the iguana.
The iguana is moderately wounded.
The hobgoblin closely misses you. The orc barely misses you.
The iguana bites you. The orc barely misses you. The orc misses you.
Unknown command.
You hit the iguana but do no damage.
The iguana looks as sick as possible!
The iguana is moderately wounded.
The hobgoblin misses you. The orc closely misses you. The orc misses you.
The iguana bites you! The orc misses you.
You hit the iguana but do no damage.
The iguana is severely wounded.
The hobgoblin hits you but does no damage.
The iguana bites you!
* * * LOW HITPOINT WARNING * * *
The orc hits you with a +0 whip.
You die...

.# ......
..#######......
...............
...!.........#
.............#
.............#
......lo....#
......os....#
......go....#
............#
............#
##..........#
#..........#
############


You could see an iguana (extremely poisoned), 3 orcs and a hobgoblin.

Vanquished Creatures
  An ogre (D:3)
  An orc priest (D:4)
  Crazy Yiuf (D:3)
  Terence (D:2)
  4 adders
  3 dart slugs
  An orc (D:4)
  3 bats
  2 endoplasms
  4 giant cockroaches
  5 goblins
  9 hobgoblins
  2 kobolds
  A quokka (D:2)
  8 ball pythons
  2 frilled lizards
48 creatures vanquished.

Vanquished Creatures (collateral kills)
  Ijyb (D:3)
1 creature vanquished.

Grand Total: 49 creatures vanquished

Notes
Turn   | Place    | Note
-------+----------+-------------------------------------------
     0 | D:1      | barney the Draconian Transmuter began the quest for the
                  | Orb.
     0 | D:1      | Reached XP level 1. HP: 16/16 MP: 3/3
   204 | D:1      | Reached XP level 2. HP: 23/23 MP: 5/5
   718 | D:1      | Reached skill level 3 in Transmutations
  1236 | D:2      | Reached XP level 3. HP: 12/28 MP: 6/6
  1240 | D:2      | Learned a level 3 spell: Spider Form
  1243 | D:2      | Learned a level 2 spell: Wereblood
  1751 | D:2      | Noticed Terence
  1763 | D:2      | Killed Terence
  1764 | D:2      | Reached skill level 4 in Transmutations
  1930 | D:2      | Reached XP level 4. HP: 34/35 MP: 5/7
  2810 | D:3      | Noticed an ogre
  2822 | D:3      | Killed an ogre
  2823 | D:3      | Reached skill level 5 in Transmutations
  2823 | D:3      | Reached XP level 5. HP: 30/40 MP: 4/8
  3271 | D:3      | Found a runed translucent door.
  3272 | D:3      | Noticed Crazy Yiuf
  3285 | D:3      | Killed Crazy Yiuf
  3508 | D:3      | Reached skill level 6 in Transmutations
  3626 | D:3      | Noticed Ijyb
  3640 | D:3      | Killed Ijyb
  4025 | D:4      | HP: 2/40 [iguana (12)]
  4025 | D:4      | Slain by an orc

Illustrated notes

Levels and vault maps discovered:
D:1:      wander_arrival_lonely_grave, layout_loops_ring
D:2:      layout_loops_ring, serial_co_window_serial, co_window_corner_a,
          co_window_cross_1, co_window_of_opportunity_a, co_window_corner_a,
          co_window_corner_a, co_window_paths_b, co_window_paths_a,
          co_window_corner_b, co_window_of_opportunity_b,
          co_window_of_opportunity_c, co_window_of_opportunity_b,
          co_window_unsneaky_path_d, co_window_4corner_b, glass_columns_c,
          grunt_decor_resistance, uniq_terence
D:3:      layout_basic, minmay_goblin_outpost, uniq_ijyb,
          uniq_crazy_yiuf_cottage
D:4:      layout_basic, mainiacjoe_overflow_chevrons, uniq_robin

Skill      XL: |  1  2  3  4  5 |
---------------+----------------+-----
Transmutations | 3 4 5 6 |  6.3
Fighting       | |  1.1
Dodging        | |  1.7
Unarmed Combat | |  3.0
Spellcasting   | |  2.0

Action                   |  1- 3 |  4- 6 || total
-------------------------+-------+-------++-------
Melee: Unarmed           |    99 |    72 ||   171
       Headbutt          |    11 |     1 ||    12
       Tailslap          |     7 |     1 ||     8
       Kick              |     6 |     2 ||     8
       Punch             |     2 |       ||     2
       Quarterstaff      |       |     7 ||     7
 Cast: Beastly Appendage |    11 |     9 ||    20
       Spider Form       |     1 |     5 ||     6
       Wereblood         |       |     1 ||     1
  Use: Potion            |       |     3 ||     3
       Scroll            |       |     3 ||     3
Armor: Skin              |    32 |    19 ||    51
Dodge: Dodged            |    70 |   110 ||   180
